 Dungeon Crawl Stone Soup version 0.27.0-1-g7a089689b8 (webtiles) character file.

Game seed: 16726630597685370783

3 ZombieSheep the Skirmisher (level 1, -1/20 HPs)
             Began as a Minotaur Monk on Aug 5, 2021.
             Slain by a giant cockroach (2 damage)
             ... on level 1 of the Dungeon.
             The game lasted 00:00:15 (42 turns).

ZombieSheep the Skirmisher (Minotaur Monk)            Turns: 42, Time: 00:00:15

Health: -1/20      AC:  2    Str: 15    XL:     1   Next: 41%
Magic:  0/0        EV: 12    Int:  7    God:
Gold:   0          SH:  0    Dex: 12    Spells: 0/0 levels left

rFire    . . .     SeeInvis .   a - +0 falchion
rCold    . . .     Faith    .   (no shield)
rNeg     . . .     Spirit   .   b - +0 robe
rPois    .         Reflect  .   (helmet restricted)
rElec    .         Harm     .   (no cloak)
rCorr    .         Rampage  .   (no gloves)
Will     .....                  (no boots)
Stlth    ++........             (no amulet)
HPRegen  0.06/turn              (no ring)
MPRegen  0.07/turn              (no ring)

@: no status effects
A: horns 2, retaliatory headbutt
a: no special abilities


You were on level 1 of the Dungeon.
You visited 1 branch of the dungeon, and saw 1 of its levels.

Inventory:

Hand Weapons
 a - a +0 falchion (weapon)
Armour
 b - a +0 robe (worn)


   Skills:
 * Level 3.7 Fighting
 + Level 3.7 Long Blades
 + Level 0.2 Armour
 + Level 3.3 Dodging
 - Level 1.5 Stealth


You couldn't memorise any spells.
You didn't know any spells.
Your spell library was empty.

Dungeon Overview and Level Annotations

Branches:
Dungeon (1/15)

Altars:


Innate Abilities, Weirdness & Mutations

You have a pair of horns on your head.
You reflexively headbutt those who attack you in melee.


Message History

The goblin shouts!
You hear a shout!
The ball python bites you. The ball python constricts you.
The ball python barely misses you. The ball python constricts you.
You hit the ball python. You headbutt the ball python.
You kill the ball python!
A kobold comes into view. It is wielding a +0 short sword.
The goblin hits you with a +0 club.
You hit the goblin but do no damage. The goblin closely misses you.
You hit the goblin but do no damage. Your headbutt misses the goblin.
The goblin barely misses you. You furiously retaliate!
You headbutt the goblin.
You kill the goblin!
The kobold throws a stone.
The stone hits you.
The kobold throws a stone.
The stone closely misses you.
The kobold throws a stone.
The stone hits you.
You are too injured to fight recklessly!
You are too injured to fight recklessly!
You are too injured to fight recklessly!
You are too injured to fight recklessly!
You are too injured to fight recklessly!
You are too injured to fight recklessly!
You are too injured to fight recklessly!
You are too injured to fight recklessly!
You closely miss the kobold. Your headbutt misses the kobold.
A giant cockroach comes into view.
The kobold hits you but does no damage.
You hit the kobold but do no damage.
The kobold hits you with a +0 short sword.
* * * LOW HITPOINT WARNING * * *
You barely miss the kobold.
The kobold hits you with a +0 short sword.
* * * LOW HITPOINT WARNING * * *
The kobold barely misses you.
You riposte.
You closely miss the kobold. You barely miss the kobold.
The kobold hits you with a +0 short sword.
* * * LOW HITPOINT WARNING * * *
You barely miss the kobold. The kobold barely misses you.
You riposte.
You hit the kobold.
You kill the kobold!
The giant cockroach closely misses you. The giant cockroach bites you.
You die...

++## ...#### # # ...#..#
#.#### ..# .<.'..+ ...#
#####...# ...#..#
####.###........ ...#..#
#.....@B.)...... ####..##
#.#..##†........
.......####.#.(##.####...#
.......##......##.# ..#
#####.###.#.#.###.# #
#.........###.#
#####.#.......#
#.######### #.#


You could see a giant cockroach.

Vanquished Creatures
  A ball python (D:1)
  A goblin (D:1)
  A kobold (D:1)
3 creatures vanquished.

Notes
Turn   | Place    | Note
-------+----------+-------------------------------------------
     0 | D:1      | ZombieSheep the Minotaur Monk began the quest for the Orb.
     0 | D:1      | Reached XP level 1. HP: 19/19 MP: 0/0
    40 | D:1      | HP: 1/20 [kobold (2)]
    42 | D:1      | Slain by a giant cockroach

Illustrated notes

Levels and vault maps discovered:
D:1:      dpeg_arrival_houses_and_road, layout_loops_cross, serial_shops,
          shop_fountains, minmay_misc_feat_enclosed

Action                   || total
-------------------------++-------
Melee: Falchion          ||     9
       Headbutt          ||     1
Armor: Robe              ||     1
Dodge: Dodged            ||     7
       Rpst.: Falchion   ||     2
